 Dungeon Crawl Stone Soup version 0.30-a0-1074-g5db6f66fbb (webtiles) character file.

Game seed: 13635800359755832926

1129 jimonade the Chiller (level 8, -24/64 HPs)
             Began as a Naga Ice Elementalist on Apr 13, 2023.
             Killed from afar by an acid dragon (35 damage)
             ... with a splash of acid
             ... on level 6 of the Dungeon.
             The game lasted 00:17:08 (6449 turns).

jimonade the Chiller (Naga Ice Elementalist)        Turns: 6449, Time: 00:17:09

Health: -24/64     AC:  0    Str: 11    XL:     8   Next: 35%
Magic:  9/15       EV: 10    Int: 21    God:
Gold:   293        SH:  0    Dex: 14    Spells: 7/16 levels left

rFire   . . .      SeeInvis +    a - +0 dagger (elec)
rCold   . . .      Faith    .    (no shield)
rNeg    + . .      Spirit   .    m - +0 robe
rPois   +          Reflect  .    (no helmet)
rElec   .          Rampage  .    (no cloak)
rCorr   .                        D - +0 pair of gloves
Will    +....                    (no barding)
Stlth   ++                       u - amulet of regeneration
HPRegen 1.10/turn                v - +6 ring of intelligence
MPRegen 0.14/turn                f - ring of positive energy

@: corroded, very slow
A: AC +2, large, see invisible, deformed body, poison resistance, slowness 2,
spit poison 1, naga tail 1
a: Spit Poison


You were on level 6 of the Dungeon.
You visited 1 branch of the dungeon, and saw 6 of its levels.

You collected 293 gold pieces.

Inventory:

Hand Weapons
 a - a +0 dagger of electrocution (weapon)
 b - a +2 whip of freezing
 j - a +0 hand axe
 k - a +0 flail
 q - a +0 short sword
 w - a +0 morningstar
 B - a +1 long sword
Missiles
 r - 16 poisoned darts
 x - 3 boomerangs of dispersal
Armour
 m - a +0 robe (worn)
 D - a +0 pair of gloves (worn)
Jewellery
 e - a ring of flight
 f - a ring of positive energy (right hand)
 u - an amulet of regeneration (around neck)
 v - a +6 ring of intelligence (left hand)
 y - an amulet of the acrobat
Wands
 n - a wand of quicksilver (5)
 p - a wand of flame (47)
 C - a wand of iceblast (8)
Scrolls
 d - 3 scrolls of immolation
 i - 2 scrolls of identify
 s - 2 scrolls of amnesia
 A - a scroll of silence {unknown}
 E - a scroll of poison {unknown}
 F - a scroll of blinking {unknown}
 G - a scroll of summoning {unknown}
 I - a scroll of fear {unknown}
Potions
 c - a potion of magic
 g - 3 potions of curing
 h - a potion of heal wounds {unknown}
 l - a potion of haste {unknown}
 o - a potion of mutation {unknown}
 t - a potion of lignification {unknown}
 z - a potion of might {unknown}
 H - a potion of ambrosia {unknown}


   Skills:
 + Level 1.5 Fighting
 + Level 0.5(1.4) Short Blades
 + Level 2.0(2.1) Long Blades
 + Level 2.4 Dodging
 - Level 3.0 Stealth
 + Level 4.8 Spellcasting
 * Level 2.2 Conjurations
 + Level 6.7 Ice Magic
 * Level 1.9 Air Magic
 * Level 4.2 Poison Magic


You had 7 spell levels left.
You knew the following spells:

 Your Spells              Type           Power      Damage    Failure   Level
a - Freeze                Ice            100%       1d10      1%          1
b - Ozocubu's Armour      Ice            33%        N/A       1%          3
c - Frozen Ramparts       Ice            66%        1d10      1%          3
d - Poisonous Vapours     Pois/Air       36%        N/A       4%          2

Your spell library contained the following spells:

 Spells                   Type           Power      Damage    Failure   Level
 Cigotuvi's Dreadful Rot  Necr/Pois/Air  26%        N/A       7%          2
 Mephitic Cloud           Conj/Pois/Air  17%        N/A       11%         3
 Ignite Poison            Fire/Tmut/Pois 11%        N/A       19%         3
 Summon Ice Beast         Ice/Summ       19%        N/A       28%         4
 Freezing Cloud           Conj/Ice/Air   10%        6-21      56%         5


Dungeon Overview and Level Annotations

Branches:
Dungeon (6/15)
 Temple: D:4-7

Altars:
Dithmenos
Elyvilon
Fedhas
Hepliaklqana
Kikubaaqudgha
Okawaru
Xom
The Shining One

Portals:
Abyss: D:5

Annotations:
D:5 2 transporters, Rudyous's ghost, novice OgFi


Innate Abilities, Weirdness & Mutations

Your serpentine skin is tough. (AC +2)
You have supernaturally acute eyesight. (SInv)
Armour fits poorly on your strangely shaped body.
Your system is resistant to poisons. (rPois)
You cover ground very slowly.
You can spit poison.
You have a snake-like lower body.


Message History

The acid dragon bites you! The acid dragon barely misses you.
Casting: Freeze (safe; 1% risk of failure)
Confirm with . or Enter, or press ? or * to list all spells.
Aiming: Freeze (safe; 1% risk of failure)
Press: ? - help, Shift-Dir - straight line, f/p - acid dragon
Aim: an acid dragon (heavily wounded)
You freeze the acid dragon.
The acid dragon is heavily wounded.
The acid dragon barely misses you. The acid dragon closely misses you.
Casting: Freeze (safe; 1% risk of failure)
Confirm with . or Enter, or press ? or * to list all spells.
Aiming: Freeze (safe; 1% risk of failure)
Press: ? - help, Shift-Dir - straight line, f/p - acid dragon
Aim: an acid dragon (heavily wounded)
You freeze the acid dragon.
The acid dragon is heavily wounded.
The acid dragon spits acid at you. The splash of acid hits you!!
* * * LOW HITPOINT WARNING * * *
The acid corrodes you!
Casting: Freeze (safe; 1% risk of failure)
Confirm with . or Enter, or press ? or * to list all spells.
Aiming: Freeze (safe; 1% risk of failure)
Press: ? - help, Shift-Dir - straight line, f/p - acid dragon
Aim: an acid dragon (heavily wounded, catching its breath)
You freeze the acid dragon.
The acid dragon is severely wounded.
The acid dragon misses you. The acid dragon claws you.
* * * LOW HITPOINT WARNING * * *
Casting: Freeze (safe; 1% risk of failure)
Confirm with . or Enter, or press ? or * to list all spells.
Aiming: Freeze (safe; 1% risk of failure)
Press: ? - help, Shift-Dir - straight line, f/p - acid dragon
Aim: an acid dragon (severely wounded)
You freeze the acid dragon.
The acid dragon is almost dead.
The acid dragon spits acid at you. The splash of acid hits you!!
Ouch! That really hurt!
You die...

..
###########..
#............
#............
.##............
......D........
#.[..@.......
#.........#..
.<...##..####
#### #..### .
##...####..
#.#..#>.. ##
#..#...# #.
##.#(.##.. #.
#.........


You could see an acid dragon (catching breath).

Vanquished Creatures
  2 ogres
  A kobold brigand (D:6)
  2 scorpions (D:5)
  A crimson imp (D:5)
  2 hounds (D:5)
  6 jellies
  4 orc priests
  Jessica (D:2)
  3 iguanas
  4 orc wizards
  4 adders
  3 white imps (D:5)
  An ufetubus (D:4)
  A worm (D:3)
  4 dart slugs
  26 orcs
  2 ball pythons
  4 bats
  9 endoplasms
  6 giant cockroaches
  5 goblins
  2 hobgoblins
  10 kobolds
  5 quokkas
  A frilled lizard (D:2)
  3 rats
112 creatures vanquished.

Vanquished Creatures (others)
  A goblin (D:4)
1 creature vanquished.

Grand Total: 113 creatures vanquished

Notes
Turn   | Place    | Note
-------+----------+-------------------------------------------
     0 | D:1      | jimonade the Naga Ice Elementalist began the quest for the
                  | Orb.
     0 | D:1      | Reached XP level 1. HP: 15/15 MP: 3/3
   318 | D:1      | Reached XP level 2. HP: 22/22 MP: 5/5
  1068 | D:1      | Reached XP level 3. HP: 23/28 MP: 4/6
  1152 | D:1      | Learned a level 3 spell: Ozocubu's Armour
  1521 | D:2      | Noticed Jessica
  1527 | D:2      | Killed Jessica
  1528 | D:2      | Reached XP level 4. HP: 37/37 MP: 1/8
  1755 | D:2      | Found a faded altar of an unknown god.
  2092 | D:3      | Learned a level 3 spell: Frozen Ramparts
  2184 | D:3      | Reached skill level 5 in Ice Magic
  2394 | D:3      | Reached XP level 5. HP: 43/43 MP: 6/9
  2995 | D:4      | Found a blossoming altar of Fedhas.
  3041 | D:4      | Found a shimmering altar of Xom.
  3139 | D:4      | Noticed a sky beast
  3198 | D:4      | Found a shadowy altar of Dithmenos.
  3605 | D:4      | Reached skill level 1 in Poison Magic
  3684 | D:4      | Found an iron altar of Okawaru.
  3694 | D:4      | Reached XP level 6. HP: 50/50 MP: 11/11
  4051 | D:4      | Reached skill level 1 in Fighting
  4051 | D:4      | Reached skill level 1 in Long Blades
  4525 | D:4      | Learned a level 2 spell: Poisonous Vapours
  4604 | D:5      | Entered Level 5 of the Dungeon
  4726 | D:5      | Reached XP level 7. HP: 34/57 MP: 3/13
  4801 | D:5      | Found a hazy altar of Hepliaklqana.
  4876 | D:5      | Noticed Rudyous's ghost (novice OgFi)
  4879 | D:5      | Found a one-way gate to the infinite horrors of the Abyss.
  4914 | D:5      | Reached skill level 6 in Ice Magic
  4997 | D:5      | Reached skill level 1 in Air Magic
  5050 | D:5      | Found a transporter.
  5089 | D:5      | Found a transporter.
  5105 | D:5      | Reached skill level 1 in Conjurations
  5153 | D:5      | Found a glowing golden altar of the Shining One.
  5797 | D:5      | Reached XP level 8. HP: 64/64 MP: 14/14
  6213 | D:6      | Found an ancient bone altar of Kikubaaqudgha.
  6213 | D:6      | Found a white marble altar of Elyvilon.
  6449 | D:6      | Killed from afar by an acid dragon

Illustrated notes

Levels and vault maps discovered:
D:1:      kennysheep_arrival_forest, layout_loops_corners, minmay_tromino_v2
D:2:      layout_basic, basic_ecumenical_altar, dreamdust_princess_bridge,
          amcnicky_mini_rare_corridor_liquid, uniq_jessica
D:3:      layout_basic
D:4:      layout_layer_cave, nicolae_dithmenos_the_darkroom, dk_xom_monty_hall,
          lemuel_crystal_altar, mainiacjoe_overflow_cross_hatched,
          minmay_statues_item
D:5:      layout_basic, nicolae_tso_swordbearing_angel,
          nicolae_hepliaklqana_hippocampus, gammafunk_ghost_abyssal_escape,
          minmay_fire_ice_demons
D:6:      layout_rooms, jmf_multi_god_temple

Skill      XL: |  1  2  3  4  5  6  7  8 |
---------------+-------------------------+-----
Dodging        | 2 |  2.4
Spellcasting   | 3 4 |  4.8
Ice Magic      | 5 6 |  6.7
Poison Magic   | 1 2 3 4 |  4.2
Fighting       | 1 |  1.5
Long Blades    | 1 2 |  2.0
Air Magic      | 1 |  1.9
Conjurations   | 1 2 |  2.2
Short Blades   | |  0.5
Stealth        | |  3.0

Action                     |  1- 3 |  4- 6 |  7- 9 || total
---------------------------+-------+-------+-------++-------
  Melee: Whip              |    15 |       |       ||    15
         Short sword       |    19 |    10 |       ||    29
         Long sword        |       |    40 |    18 ||    58
         Dagger            |       |       |    64 ||    64
         Punch             |       |       |     1 ||     1
   Cast: Freeze            |    31 |    24 |     7 ||    62
         Ozocubu's Armour  |     3 |    12 |    14 ||    29
         Frozen Ramparts   |       |    14 |    15 ||    29
Ability: Spit Poison       |     1 |    11 |     2 ||    14
    Use: Scroll            |       |     5 |       ||     5
   Stab: Sleeping          |     3 |     3 |     2 ||     8
 Armour: Robe              |    18 |    27 |    26 ||    71
  Dodge: Dodged            |    26 |    50 |    54 ||   130

Table legend: (Time is in decaauts)
 A = Elapsed time spent in this place.
 B = Non-inter-level travel time spent in this place.
 C = Inter-level travel time spent in this place.
 D = Time resting spent in this place.
 E = Time spent auto-exploring this place.
 F = Levels seen in this place.
 G = Mean time per level.
                   A        B        C        D        E       F      G
               +--------+--------+--------+--------+--------+-----+--------+
         Total |   8148 |   7923 |    225 |    183 |   6199 |   6 | 1358.0 |
       Dungeon |   8148 |   7923 |    225 |    183 |   6199 |   6 | 1358.0 |
               +--------+--------+--------+--------+--------+-----+--------+

Top non-repeatable levels by time:
     D:4: 2309 daAuts
     D:5: 1557 daAuts
     D:1: 1535 daAuts
     D:3: 1085 daAuts
     D:2: 1025 daAuts
     D:6: 635 daAuts
